Map: Berlingrad LE

Players

КОТ

  • Race: Zerg Zerg
  • League: Platinum
  • Spawn Location: 11:00

Fizzle - Winner!

  • Race: Protoss Protoss
  • League: Platinum
  • Spawn Location: 5:00

VOD

Have the link to the VOD?

Description

Time

  • Played on: May 14, 2022, 2:30 p.m.
  • Length: 20:43
Show
View Real Time Build Order
Export as new Build Order

КОТ Zerg 

Build Orders: Hatch First 

Get SALT Encoding   

  12  0:01  Drone  
  13  0:13  Overlord  
  13  0:17  Drone  
  14  0:31  Drone x2  
  14  0:35  Drone  
  17  0:52  Hatchery  
  17  0:55  Drone  
  17  1:00  Drone  
  18  1:10  Extractor  
  17  1:15  Spawning Pool  
  16  1:21  Drone x2  
  18  1:33  Drone  
  19  1:43  Overlord  
  19  1:55  Drone  
  20  2:03  Queen  
  20  2:04  Queen  
  20  2:05  Zergling x2  
  25  2:15  Spine Crawler  
  24  2:24  Drone x3  
  24  2:26  Drone  
  28  2:37  Drone  
  28  2:38  Drone x2  
  31  2:46  Queen  
  33  2:56  Extractor  
  32  2:59  Drone x3  
  32  3:03  Overlord  
  35  3:12  Roach Warren  
  34  3:17  Drone  
  34  3:18  Drone  
  36  3:21  Queen  
  36  3:23  Drone  
  36  3:24  Drone x3  
  42  3:35  Overlord  
  42  3:36  Overlord  
  42  3:45  Drone  
  43  3:53  Queen  
  43  3:54  Roach x2  
  49  4:02  Roach  
  51  4:07  Roach  
  53  4:11  Overlord  
  53  4:19  Overlord  
  53  4:22  Lair  
  53  4:31  Drone  
  53  4:32  Drone x4  
  53  4:35  Extractor, Spore Crawler  
  53  4:36  Extractor  
  55  4:39  Spore Crawler  
  55  4:42  Roach  
  56  4:56  Roach  
  56  4:57  Roach x3  
  63  5:07  Roach  
  63  5:08  Overlord x2  
  63  5:09  Overlord  
  65  5:15  Spine Crawler  
  64  5:25  Zergling x2  
  64  5:26  Zergling x6  
  64  5:27  Zergling x8  
  72  5:37  Drone  
  72  5:38  Drone  
  74  5:48  Metabolic Boost  
  74  5:59  Drone  
  74  6:00  Drone x7  
  66  6:28  Zergling x2  
  66  6:29  Zergling x16  
  73  6:40  Spine Crawler  
  73  6:41  Spine Crawler x2  
  73  6:42  Roach x3  
  73  6:44  Ravager x4  
  73  6:46  Zergling x2  
  73  6:47  Zergling x4  
  82  6:54  Baneling Nest  
  77  7:06  Roach  
  77  7:07  Roach x3  
  74  7:29  Zergling x2  
  75  7:30  Zergling x6  
  78  7:40  Nydus Network  
  78  7:41  Zergling x4  
  79  7:49  Drone x2  
  81  7:54  Ravager x4  
  81  7:56  Zergling x2  
  66  8:20  Queen x2  
  66  8:22  Zergling x2  
  66  8:23  Zergling x14  
  70  8:55  Queen  
  68  9:04  Roach  
  68  9:05  Roach x9  
  88  9:17  Queen  
  88  9:18  Zergling x2  
  88  9:19  Zergling x2  
  92  9:29  Nydus Canal  
  92  9:33  Overlord x3  
  92  9:34  Overlord  
  92  9:40  Queen  
  89  10:07  Roach x7  
  89  10:08  Roach x2  
  93  10:20  Zergling x8  
  75  10:41  Spire  
  74  10:45  Zergling x2  
  74  10:46  Zergling x10  
  74  10:49  Nydus Canal  
  79  10:58  Zergling x2  
  79  10:59  Zergling x2  
  79  11:02  Ravager  
  79  11:07  Nydus Canal  
  79  11:10  Roach  
  79  11:11  Roach  
  66  11:28  Nydus Canal  
  64  11:35  Zergling x2  
  64  11:36  Roach x4  
  64  11:39  Queen x2  
  71  11:48  Nydus Canal  
  64  12:03  Roach  
  64  12:04  Roach x5  
  70  12:29  Zergling x2  
  72  12:30  Ravager, Zergling x8  
  72  12:31  Ravager x7  
  81  13:03  Spine Crawler  
  80  13:06  Spine Crawler x2  
  80  13:07  Spine Crawler  
  80  13:11  Nydus Canal  
  77  13:27  Pneumatized Carapace  
  77  13:31  Nydus Canal  
  77  13:37  Mutalisk x6  
  89  13:56  Hatchery  
  88  14:05  Mutalisk x3  
  94  14:13  Hatchery  
  92  14:25  Overseer  
  92  15:02  Overlord x2  
  92  15:03  Overlord x4  
  92  15:16  Extractor  
  92  15:18  Extractor  
  90  15:26  Drone  
  91  15:35  Drone x3  
  94  15:50  Spire  
  94  15:54  Drone x2  
  96  15:57  Drone x2  
  91  16:17  Spine Crawler  
  90  16:19  Spine Crawler  
  91  16:25  Roach  
  91  16:26  Roach x11  
  111  16:47  Ravager x2  
  111  16:48  Ravager x8  
  121  17:06  Mutalisk  
  119  17:17  Mutalisk  
  121  17:24  Hatchery  
  119  17:50  Roach x8  
  135  18:05  Zergling x2  
  133  18:23  Mutalisk  
  133  18:24  Mutalisk x3  
  137  18:47  Zergling x2  
  137  18:48  Zergling x6  
  129  19:05  Evolution Chamber  
  129  19:07  Mutalisk x2, Evolution Chamber  
  129  19:08  Mutalisk  
Show
View Real Time Build Order
Export as new Build Order

Fizzle Protoss - Winner!

Build Orders: Cannon Rush 

Get SALT Encoding   

  12  0:01  Probe (Chrono Boost)  
  13  0:10  Probe (Chrono Boost)  
  14  0:15  Probe (Chrono Boost)  
  15  0:26  Pylon  
  15  0:44  Probe  
  15  0:46  Forge  
  16  0:50  Gateway  
  16  0:57  Probe  
  17  1:01  Pylon  
  17  1:13  Assimilator  
  17  1:15  Probe  
  18  1:23  Photon Cannon  
  18  1:31  Photon Cannon  
  18  1:41  Photon Cannon  
  18  1:48  Photon Cannon  
  18  1:56  Photon Cannon  
  18  2:00  Photon Cannon  
  18  2:25  Cybernetics Core  
  18  2:36  Probe (Chrono Boost)  
  19  2:42  Assimilator, Pylon  
  19  2:45  Probe (Chrono Boost)  
  19  2:50  Probe (Chrono Boost), Photon Cannon  
  21  2:58  Pylon  
  21  3:02  Probe (Chrono Boost)  
  23  3:12  Robotics Facility  
  23  3:13  Probe (Chrono Boost)  
  23  3:18  Probe (Chrono Boost), Shield Battery x2  
  24  3:22  Shield Battery  
  24  3:28  Stalker, Probe  
  27  3:35  Shield Battery  
  27  3:52  Warp Gate  
  27  3:56  Gateway  
  27  3:59  Gateway  
  27  4:14  Immortal (Chrono Boost)  
  31  4:27  Shield Battery  
  31  4:29  Photon Cannon  
  31  4:47  Observer (Chrono Boost)  
  32  5:03  Stalker  
  32  5:04  Immortal (Chrono Boost), Stalker  
  40  5:10  Stalker  
  42  5:17  Protoss Ground Weapons Level 1  
  42  5:32  Observer (Chrono Boost)  
  43  5:53  Immortal  
  47  6:46  Shield Battery x2  
  47  6:50  Pylon  
  43  7:29  Stalker x2  
  45  7:30  Stalker  
  45  7:31  Immortal  
  51  7:38  Shield Battery  
  51  7:39  Shield Battery  
  51  7:52  Protoss Ground Armor Level 1  
  51  8:09  Nexus  
  49  8:28  Immortal  
  47  9:05  Stalker  
  47  9:06  Stalker x2  
  53  9:21  Immortal  
  57  9:26  Probe  
  58  9:34  Nexus  
  58  9:38  Probe  
  55  9:50  Probe  
  56  10:00  Protoss Shields Level 1  
  53  10:23  Stalker  
  53  10:24  Stalker x2  
  55  11:02  Stalker x3  
  49  11:36  Stalker x3  
  49  12:06  Stalker  
  49  12:07  Stalker x2  
  55  12:43  Probe (Chrono Boost)  
  56  12:46  Assimilator  
  56  12:48  Assimilator, Pylon  
  57  12:52  Probe (Chrono Boost)  
  57  12:53  Probe (Chrono Boost), Pylon  
  57  12:57  Stalker x3  
  65  12:59  Probe (Chrono Boost)  
  65  13:00  Observer  
  65  13:01  Probe (Chrono Boost)  
  65  13:04  Probe (Chrono Boost)  
  67  13:06  Shield Battery  
  67  13:09  Probe, Photon Cannon  
  69  13:12  Pylon  
  69  13:16  Probe, Photon Cannon  
  69  13:18  Shield Battery  
  70  13:20  Pylon  
  70  13:21  Probe  
  70  13:24  Pylon  
  70  13:26  Pylon  
  71  13:28  Probe  
  71  13:30  Twilight Council  
  72  13:54  Stalker  
  72  13:55  Stalker x2  
  78  14:27  Probe  
  78  14:30  Pylon  
  78  14:31  Stalker x3  
  81  14:38  Pylon  
  85  14:39  Probe  
  85  14:41  Protoss Ground Weapons Level 2, Blink (Chrono Boost)  
  86  14:51  Probe  
  87  14:56  Shield Battery  
  87  14:58  Photon Cannon  
  86  15:01  Shield Battery, Photon Cannon  
  86  15:08  Gateway x2  
  86  15:13  Stalker  
  86  15:14  Stalker x2  
  90  15:15  Pylon  
  92  15:28  Shield Battery, Photon Cannon  
  92  15:33  Photon Cannon  
  92  15:35  Shield Battery  
  92  15:37  Pylon  
  92  15:41  Stalker  
  92  15:42  Stalker x2  
  98  15:47  Shield Battery  
  98  15:51  Photon Cannon  
  98  15:55  Probe  
  99  16:07  Probe  
  100  16:22  Stalker x2  
  100  16:23  Stalker x2  
  100  16:24  Stalker  
  109  16:35  Charge  
  108  16:48  Shield Battery  
  108  16:49  Shield Battery  
  108  16:50  Photon Cannon x2  
  108  16:53  Gateway  
  108  16:58  Stalker x3  
  108  16:59  Stalker  
  115  17:08  Probe (Chrono Boost)  
  115  17:11  Protoss Ground Armor Level 2 (Chrono Boost)  
  115  17:14  Pylon  
  115  17:18  Probe (Chrono Boost), Shield Battery  
  116  17:23  Probe (Chrono Boost)  
  116  17:24  Pylon  
  117  17:55  Stalker  
  117  17:56  Stalker x4  
  117  17:57  Stalker  
  129  18:03  Shield Battery  
  129  18:05  Assimilator  
  129  18:06  Assimilator  
  129  18:09  Shield Battery, Photon Cannon  
  129  18:15  Photon Cannon  
  129  18:32  Stargate  
  129  18:34  Pylon  
  116  18:50  Stalker x3  
  105  19:51  Stalker x5  
  105  19:52  Stalker  
  117  20:01  Gateway  
Tags
 
Add a new tag
Caveats
  • Supply blocks, unpowered buildings, or Contaminate may cause inaccurate times.
  • Supply counts are checked every 10 seconds.